 Dungeon Crawl Stone Soup version 0.29.1-2-gbd0b4ee654 (webtiles) character file.

Game seed: 5231456996942175199

15054 fgae53 the Slayer (level 11, -3/195 HPs)
             Began as a Minotaur Berserker on Oct 24, 2022.
             Was an Elder of Trog.
             Slain by Rupert
             ... wielding a +4 battleaxe of freezing
              (32 damage)
             ... on level 13 of the Dungeon.
             The game lasted 00:25:12 (10012 turns).

fgae53 the Slayer (Minotaur Berserker)             Turns: 10012, Time: 00:25:12

Health: -3/195     AC: 13    Str: 26    XL:     11   Next: 96%
Magic:  10/10      EV: 16    Int:  7    God:    Trog [****..]
Gold:   712        SH:  0    Dex: 10    Spells: 10/10 levels left

rFire   . . .      SeeInvis .   U - +4 broad axe (elec)
rCold   . . .      Faith    .   h - orb {light}
rNeg    . . .      Spirit   .   s - +0 steam dragon scales
rPois   .          Reflect  .   (helmet restricted)
rElec   +          Harm     .   A - +0 cloak
rCorr   .          Rampage  .   v - +2 pair of gloves
Will    ++...      NoTele   +   (no boots)
Stlth   ..........              r - amulet of the Furies {Acrobat -Tele rElec Regen+ Int+3}
HPRegen 2.22/turn               L - +4 ring of protection
MPRegen 0.12/turn               O - +4 ring of evasion

@: berserking, strong-willed, regenerating, glowing, very quick
A: horns 2, retaliatory headbutt
a: Renounce Religion, Berserk, Trog's Hand, Brothers in Arms


You were on level 13 of the Dungeon.
You worshipped Trog.
Trog was greatly pleased with you.
You visited 1 branch of the dungeon, and saw 13 of its levels.

You collected 856 gold pieces.
You spent 144 gold pieces at shops.

Inventory:

Hand Weapons
 E - the +4 flail of Misery {vorpal, Stlth+}
   (You bought it in a shop on level 10 of the Dungeon)

   It inflicts extra damage upon your enemies.
   Stlth:     It makes you more stealthy.
 U - a +4 broad axe of electrocution (weapon)
Armour
 h - an orb of light (worn)
 s - +0 steam dragon scales (worn)
 v - a +2 pair of gloves (worn)
 A - a +0 cloak (worn)
 N - a +0 troll leather armour
 P - +0 acid dragon scales
 T - the +1 scale mail "Ygutut" {Dex+6}
   (You found it on level 12 of the Dungeon)

   Dex:       It affects your dexterity (+6).
Jewellery
 r - the amulet of the Furies (around neck) {Acrobat -Tele rElec Regen+ Int+3}
   (You found it on level 4 of the Dungeon)

   [amulet of the acrobat]

   It increases your evasion while moving and waiting.
   Int:       It affects your intelligence (+3).
   rElec:     It insulates you from electricity.
   -Tele:     It prevents most forms of teleportation.
   Regen:     It increases your rate of health regeneration.
 C - an amulet of guardian spirit
 L - a +4 ring of protection (left hand)
 M - a ring of positive energy
 O - a +4 ring of evasion (right hand)
 Q - a +6 ring of intelligence
Wands
 a - a wand of light (24)
 j - a wand of flame (25) (quivered)
 t - a wand of iceblast (17)
 I - a wand of charming (5)
Scrolls
 b - 3 scrolls of noise {unknown}
 c - 9 scrolls of teleportation {unknown}
 d - 6 scrolls of identify {unknown}
 g - 3 scrolls of amnesia {unknown}
 i - 3 scrolls of enchant armour {unknown}
 k - 5 scrolls of fear {unknown}
 l - 3 scrolls of blinking {unknown}
 m - 3 scrolls of vulnerability {unknown}
 o - a scroll of immolation {unknown}
 q - 6 scrolls of enchant weapon {unknown}
 y - 2 scrolls of poison {unknown}
 F - 2 scrolls of brand weapon {unknown}
 G - a scroll of torment {unknown}
 K - a scroll of fog {unknown}
 R - a scroll of summoning {unknown}
Potions
 e - 2 potions of haste {unknown}
 f - a potion of mutation {unknown}
 n - 7 potions of curing {unknown}
 p - 5 potions of lignification {unknown}
 u - 3 potions of heal wounds {unknown}
 w - 2 potions of attraction {unknown}
 x - a potion of berserk rage {unknown}
 z - 4 potions of brilliance {unknown}
 B - a potion of cancellation {unknown}
 D - 2 potions of magic {unknown}
 H - 2 potions of ambrosia {unknown}
 J - a potion of might
 S - 2 potions of degeneration {unknown}
 V - a potion of flight {unknown}


   Skills:
 + Level 22.3 Fighting
 - Level 3.6 Maces & Flails
 - Level 2.4 Armour
 - Level 2.1 Dodging


You had 10 spell levels left.
You didn't know any spells.
Your spell library was empty.

Dungeon Overview and Level Annotations

Branches:
Dungeon (13/15)            Temple (0/1) D:5            Lair (0/5) D:10
    Orc (0/2) D:12
 Vaults: D:13-14

Altars:
Ashenzari
Cheibriados
Fedhas
Hepliaklqana
Kikubaaqudgha
Makhleb
Qazlal
Ru
Uskayaw
Vehumet
Zin
The Shining One

Shops:
D:10 (([

Portals:
Trove: D:12 (give +4 shadow dragon scales)

Annotations:
D:4 3 runed translucent doors, sentinel's ghost, weakling MeEE
D:8 6 transporters
D:13 Rupert


Innate Abilities, Weirdness & Mutations

You have a pair of horns on your head.
You reflexively headbutt those who attack you in melee.


Message History

Your skin crawls.
You feel strong-willed.
Found a stone staircase leading down.
Rupert roars madly and goes into a rage!
Rupert goes berserk!
Rupert rages.
A red film seems to cover your vision as you go berserk!
You feel yourself moving faster!
You feel mighty! Rupert barely misses you.
You slash Rupert!
Rupert is lightly wounded.
Rupert hits you with a +4 battleaxe of freezing!
Rupert freezes you.
Rupert hits you with a +4 battleaxe of freezing!!
Rupert freezes you.
You hit Rupert. Lightning courses through Rupert!
Rupert is lightly wounded.
Rupert hits you with a +4 battleaxe of freezing!!!
Rupert freezes you.
You barely miss Rupert. You headbutt Rupert!!
Rupert is moderately wounded.
Rupert hits you with a +4 battleaxe of freezing.
Rupert freezes you.
You hit Rupert.
Rupert is moderately wounded.
Rupert hits you with a +4 battleaxe of freezing!!
Rupert freezes you.
Rupert hits you with a +4 battleaxe of freezing!!
* * * LOW HITPOINT WARNING * * *
Rupert freezes you!
* * * LOW HITPOINT WARNING * * *
You slice Rupert!!
Rupert is heavily wounded.
Rupert hits you with a +4 battleaxe of freezing!
* * * LOW HITPOINT WARNING * * *
Rupert freezes you.
* * * LOW HITPOINT WARNING * * *
You slash Rupert!
Rupert is heavily wounded.
Rupert hits you with a +4 battleaxe of freezing!!
You die...

. #########+###..
#...#..........
####...#..........
#......#....)....>
#..##(##..........
#......#..##############
#.......@..#.....'......
####...@...#.....#......
#####..#...##(##.....##'####
####...#..'...#...'.....#...'..
#......#..#...#...#.....#...#..
#......#'##...#...#.....#...###
#..#####..#...#...#.....#......
#.........'...#...#.....#......
####...#+##...#...#.....#......
#......#...#...#..)..#......


You could see Rupert (berserk).

Vanquished Creatures
  A hydra (D:12)
  3 two-headed ogres
  Urug (D:13)
  Sonja (D:12)
  A cyclops (D:13)
  A manticore (D:11)
  5 gargoyles
  An unseen horror (D:13)
  A guardian mummy (D:12)
  4 trolls
  4 slime creatures (D:12)
  2 shadows
  A vampire (D:12)
  A wyvern (D:8)
  15 yaks
  A steam dragon (D:7)
  4 vampire mosquitoes (D:11)
  2 acid dragons
  2 water moccasins
  2 orc warriors (D:10)
  A sky beast (D:6)
  2 black bears
  2 ogres
  2 centaurs
  5 kobold brigands
  2 bullfrogs (D:8)
  A necrophage (D:6)
  2 gnoll sergeants (D:9)
  6 scorpions
  8 wights
  6 howler monkeys
  4 hounds
  9 orc priests
  2 jellies
  4 orc wizards
  5 iguanas
  9 gnolls
  6 adders
  A white imp (D:8)
  2 ufetubi (D:5)
  2 worms
  2 dart slugs
  17 orcs
  4 ball pythons
  6 bats
  5 endoplasms
  2 giant cockroaches (D:3)
  3 hobgoblins
  A jackal (D:1)
  3 quokkas (D:1)
  2 frilled lizards
  5 goblins
  20 kobolds
  2 rats (D:2)
206 creatures vanquished.

Notes
Turn   | Place    | Note
-------+----------+-------------------------------------------
     0 | D:1      | fgae53 the Minotaur Berserker began the quest for the Orb.
     0 | D:1      | Reached XP level 1. HP: 19/19 MP: 0/0
   167 | D:1      | Reached skill level 4 in Fighting
   452 | D:1      | Reached XP level 2. HP: 25/28 MP: 1/1
   958 | D:1      | Found a faded altar of an unknown god.
  1032 | D:1      | Reached skill level 5 in Fighting
  1451 | D:2      | Reached XP level 3. HP: 32/36 MP: 2/2
  2295 | D:3      | Reached skill level 6 in Fighting
  2295 | D:3      | Reached XP level 4. HP: 29/44 MP: 3/3
  2438 | D:3      | Found a burning altar of Makhleb.
  3043 | D:4      | Found a sacrificial altar of Ru.
  3063 | D:4      | Reached ** piety under Trog
  3067 | D:4      | Found a runed translucent gate.
  3067 | D:4      | Found a runed translucent gate.
  3067 | D:4      | Noticed a kobold brigand
  3067 | D:4      | Noticed sentinel's ghost (weakling MeEE)
  3069 | D:4      | Found a runed translucent gate.
  3081 | D:4      | Identified the amulet of the Furies {Acrobat -Tele rElec
                  | Regen+ Int+3}
  3175 | D:4      | Reached skill level 7 in Fighting
  3175 | D:4      | Reached XP level 5. HP: 48/52 MP: 4/4
  3531 | D:4      | Reached skill level 8 in Fighting
  3651 | D:4      | Found a hazy altar of Hepliaklqana.
  3664 | D:4      | Reached XP level 6. HP: 61/61 MP: 5/5
  3929 | D:5      | Entered Level 5 of the Dungeon
  4107 | D:5      | Found a broken altar of Ashenzari.
  4115 | D:5      | Reached skill level 9 in Fighting
  4139 | D:5      | Reached XP level 7. HP: 67/70 MP: 6/6
  4161 | D:5      | Reached skill level 10 in Fighting
  4224 | D:5      | Found a staircase to the Ecumenical Temple.
  4305 | D:5      | Found a snail-covered altar of Cheibriados.
  4330 | D:5      | Found a hide-covered altar of Uskayaw.
  4514 | D:6      | Reached skill level 11 in Fighting
  4588 | D:6      | Reached XP level 8. HP: 83/83 MP: 7/7
  4622 | D:6      | Reached skill level 12 in Fighting
  4776 | D:6      | Found a blossoming altar of Fedhas.
  4886 | D:6      | Reached skill level 13 in Fighting
  4930 | D:6      | Found a glowing golden altar of the Shining One.
  4931 | D:6      | Found a stormy altar of Qazlal.
  5424 | D:7      | Reached skill level 14 in Fighting
  5443 | D:7      | Found a glowing silver altar of Zin.
  5474 | D:7      | Reached *** piety under Trog
  5475 | D:7      | Reached XP level 9. HP: 44/95 MP: 8/8
  5574 | D:6      | Noticed a troll
  5579 | D:6      | Killed a troll
  5768 | D:7      | Reached skill level 15 in Fighting
  5879 | D:7      | Found an ancient bone altar of Kikubaaqudgha.
  6324 | D:8      | Found a transporter.
  6327 | D:8      | Found a transporter.
  6461 | D:8      | Found a transporter.
  6471 | D:8      | Found a transporter.
  6667 | D:8      | Reached skill level 16 in Fighting
  6687 | D:8      | Found a transporter.
  6689 | D:8      | Found a transporter.
  6979 | D:9      | Noticed a two-headed ogre
  6996 | D:9      | Killed a two-headed ogre
  6997 | D:9      | Reached skill level 17 in Fighting
  6997 | D:9      | Reached XP level 10. HP: 37/111 MP: 9/9
  7120 | D:9      | You fall into a shaft and drop 3 floors!
  7193 | D:12     | Found a staircase to the Orcish Mines.
  7268 | D:10     | Entered Level 10 of the Dungeon
  7268 | D:10     | Found Meadgh's Antique Weapon Boutique.
  7395 | D:9      | Found a radiant altar of Vehumet.
  7655 | D:10     | Found a staircase to the Lair.
  7678 | D:10     | Found Tafe's Antique Weapon Shop.
  7719 | D:10     | Bought an ebony flail for 144 gold pieces
  7719 | D:10     | Identified the +4 flail of Misery {vorpal, Stlth+} (You
                  | bought it in a shop on level 10 of the Dungeon)
  7805 | D:10     | Noticed a gargoyle
  7823 | D:10     | Killed a gargoyle
  7827 | D:10     | Noticed a two-headed ogre
  7835 | D:10     | Killed a two-headed ogre
  7836 | D:10     | Reached skill level 18 in Fighting
  7940 | D:10     | Noticed a gargoyle
  7948 | D:10     | Killed a gargoyle
  7948 | D:10     | Reached **** piety under Trog
  7949 | D:10     | Reached skill level 19 in Fighting
  8079 | D:10     | Found Cygafuh's Armour Boutique.
  8353 | D:11     | Noticed a two-headed ogre
  8359 | D:11     | Killed a two-headed ogre
  8360 | D:11     | Reached XP level 11. HP: 46/124 MP: 10/10
  8512 | D:11     | Reached skill level 20 in Fighting
  9015 | D:12     | Noticed a seven-headed hydra
  9021 | D:12     | Killed a seven-headed hydra
  9068 | D:12     | Noticed Sonja
  9084 | D:12     | Reached skill level 21 in Fighting
  9094 | D:12     | Killed Sonja
  9160 | D:12     | Identified the +1 scale mail "Ygutut" {Dex+6}
  9373 | D:12     | Found a portal to a secret trove of treasure.
  9833 | D:13     | Reached skill level 22 in Fighting
  9930 | D:13     | Noticed Urug
  9936 | D:13     | Killed Urug
  9999 | D:13     | Noticed Rupert
 10012 | D:13     | Slain by Rupert

Illustrated notes

Levels and vault maps discovered:
D:1:      dpeg_arrival_brainrot, layout_basic,
          hellmonk_ecumenical_altar_run_dry, dk_noncrumbling_4,
          nrook_mini_vaults, minmay_misc_feat_tiny, minmay_box_of_dots
D:2:      layout_basic
D:3:      layout_loops_ring, lightli_temple_of_fire, st_stairs_3
D:4:      layout_basic, nicolae_ru_sacrificial_ziggurat,
          mainiacjoe_overflow_tiny_flanked, gammafunk_ghost_nasty_kobolds,
          chequers_serial_rivers_micro_b
D:5:      layout_rooms, kennysheep_little_box, cheibrodos_ashenzari_chains,
          nicolae_overflow_crystal_walls, temple_hall
D:6:      minmay_inner_zag, layout_gridville, fedhas_ov_isle_minmay,
          mainiacjoe_overflow_large_starburst
D:7:      layout_gridville, amcnicky_altar_gilded, zin_academy,
          hangedman_glass_teeth
D:8:      layout_basic, serial_nicolae_subway, nicolae_sub_station_stone,
          nicolae_sub_station_crystal, nicolae_sub_station_metal
D:9:      layout_gridville, kennysheep_mini, nicolae_kite_square_tiling_tiny
D:10:     layout_rooms, lair_entry_dummy, serial_shops,
          nicolae_shop_statue_plus, shop, shop, minmay_chambers_of_fives
D:11:     layout_loops_ring, kennysheep_generic_room_2
D:12:     layout_loops_ring, orc_0_dummy, nicolae_trove_entry_path_of_doom,
          uniq_sonja
D:13:     layout_grid_maze, minmay_circle_x, uniq_urug, uniq_rupert

Skill      XL: |  1  2  3  4  5  6  7  8  9 10 11 |
---------------+----------------------------------+-----
Fighting       | 4 5 6 7 8 9 11 14 17 19 22 | 22.3
Maces & Flails | |  3.6
Armour         | |  2.4
Dodging        | |  2.1

Action                   |  1- 3 |  4- 6 |  7- 9 | 10-12 || total
-------------------------+-------+-------+-------+-------++-------
Melee: Mace              |    25 |       |   124 |     3 ||   152
       Headbutt          |    12 |    15 |    43 |    61 ||   131
       Whip              |    54 |    19 |       |       ||    73
       Hand axe          |       |    35 |    43 |       ||    78
       Flail             |       |       |       |   201 ||   201
       Broad axe         |       |       |       |     6 ||     6
Invok: Berserk           |       |     1 |     4 |     5 ||    10
       Trog's Hand       |       |       |     1 |     4 ||     5
Armor: Animal skin       |    15 |     3 |       |       ||    18
       Ring mail         |       |     5 |    27 |       ||    32
       Steam dragon scal |       |       |    27 |    69 ||    96
Dodge: Dodged            |    44 |    45 |   175 |   176 ||   440
